 Dungeon Crawl Stone Soup version 0.17-a0-1105-gbe8b664 (webtiles) character file.

3814 HeyJoe the Severer (level 9, -8/111 HPs)
             Began as a Deep Dwarf Berserker on May 22, 2015.
             Was a Priest of Trog.
             Mangled by a snapping turtle (16 damage)
             ... on level 8 of the Dungeon.
             The game lasted 00:42:22 (6321 turns).

HeyJoe the Severer (Deep Dwarf Berserker)           Turns: 6321, Time: 00:42:22

Health: -8/111     AC: 13    Str: 29    XL:     9   Next: 97%
Magic:  9/9        EV: 11    Int:  8    God:    Trog [***...]
Gold:   374        SH:  0    Dex: 12    Spells: 0 memorised, 8 levels left

rFire  . . .     SeeInvis .     e - +0 war axe
rCold  . . .     Clarity  .     x - +0 scale mail
rNeg   . . .     SustAb   .     (no shield)
rPois  .         Gourm    .     (no helmet)
rElec  .         Spirit   .     a - +1 cloak
rCorr  .         Warding  .     I - +0 pair of gloves
rMut   .         Stasis   .     J - +1 pair of boots
MR     +++..                    (no amulet)
Stlth  ..........               (no ring)
                                o - +2 ring of protection

@: berserking, non-regenerating, very quick, extremely resistant to hostile
enchantments, extremely unstealthy
A: damage resistance, recharge devices, sense surroundings 2, slow healing 3
a: Device Recharging, Burn Spellbooks, Berserk, Trog's Hand, Renounce Religion


You were on level 8 of the Dungeon.
You worshipped Trog.
Trog was most pleased with you.
You were not hungry.

You visited 2 branches of the dungeon, and saw 9 of its levels.

You collected 374 gold pieces.

Inventory:

Hand weapons
 e - a +0 war axe (weapon)
Armour
 a - a +1 cloak (worn)
 x - a +0 scale mail (worn)
 I - a +0 pair of gloves (worn)
 J - a +1 pair of boots (worn)
Jewellery
 o - a +2 ring of protection (left hand)
 q - an uncursed ring of ice
Magical devices
 c - a wand of heal wounds (7)
 f - a wand of hasting (2)
 n - a wand of fire (0)
 w - a wand of confusion (31)
 D - a wand of fireball (2)
 K - a wand of polymorph (4)
Scrolls
 k - 3 scrolls of teleportation
 l - 2 scrolls of enchant armour
 p - 2 scrolls of remove curse
 s - 2 scrolls of enchant weapon
 y - a scroll of fog
 A - a scroll of recharging
 G - a scroll of acquirement {unknown}
 H - 2 scrolls of identify
 L - a scroll of blinking
Potions
 h - a potion of brilliance
 i - 3 potions of invisibility {unknown}
 m - 5 potions of heal wounds {unknown}
 r - a potion of agility {unknown}
 t - a potion of berserk rage {unknown}
 u - a potion of flight {unknown}
 v - a potion of cancellation {unknown}
 z - a potion of haste {unknown}
 F - 2 potions of curing {unknown}
Books
 b - a Fen Folio

   Spells                             Type                      Level
   a - Corpse Rot                     Necromancy                   2
   b - Stone Arrow                    Conjuration/Earth            3
   c - Leda's Liquefaction            Hexes/Earth                  4
   d - Summon Forest                  Summoning/Translocation      5
   e - Hydra Form                     Transmutation                6
   f - Summon Hydra                   Summoning                    7
   Trog disapproves of the use of such an item.
 C - a book of Clouds

   Spells                             Type                      Level
   a - Mephitic Cloud                 Conjuration/Poison/Air       3
   b - Conjure Flame                  Conjuration/Fire             3
   c - Poisonous Cloud                Conjuration/Poison/Air       6
   d - Freezing Cloud                 Conjuration/Ice/Air          6
   e - Ring of Flames                 Charms/Fire                  7
   Trog disapproves of the use of such an item.
Comestibles
 d - 7 bread rations
 g - a fruit
 j - 3 chunks of flesh
 B - 3 meat rations
 E - 7 beef jerkies


   Skills:
 - Level 2.6 Fighting
 + Level 15.1 Axes
 - Level 2.1 Armour
 - Level 2.1 Dodging


You had 8 spell levels left.
You didn't know any spells.

Dungeon Overview and Level Annotations

Branches:
Dungeon (8/15)             Temple (1/1) D:6            Lair (0/8) D:8

Altars:
Ashenzari
Cheibriados
Dithmenos
Elyvilon
Fedhas
Gozag
Kikubaaqudgha
Makhleb
Nemelex Xobeh
Okawaru
Ru
Sif Muna
Trog
Vehumet
Xom
Yredelemnul
Zin
The Shining One

Shops:
D:4 :

Annotations:
D:8 exclusion: statue


Innate Abilities, Weirdness & Mutations

You are resistant to damage.
You can recharge devices by infusing magical energy.
You passively map the area around you.
You do not heal naturally.


Message History

* * * LOW HITPOINT WARNING * * *
Use which ability? (? or * to list)
Your skin crawls.
You feel resistant to hostile enchantments.
You feel slightly more hungry. The snapping turtle barely misses you.
The snapping turtle bites you from afar.
Use which ability? (? or * to list)
A red film seems to cover your vision as you go berserk!
You feel yourself moving faster!
You feel mighty!
You feel somewhat more hungry.
The snapping turtle bites you from afar!!
* * * LOW HITPOINT WARNING * * *
You feel a strong urge to attack something.
You hit the snapping turtle but do no damage.
The snapping turtle bites you.
* * * LOW HITPOINT WARNING * * *
You hit the snapping turtle but do no damage.
The snapping turtle bites you!!
You die...

≈≈ ##≈##.#.#
........#### ≈≈
≈≈≈#≈##≈.#.#
.#..#...# ≈
≈≈≈≈≈#≈#.#.*.
#..#...# ≈ ≈
≈≈≈≈≈##.#,#..#......#
≈ ≈≈≈≈≈≈#.#
#(....#...# ,
,,≈≈≈≈≈≈..#
#.#..#...# ,
.≈≈≈≈≈#.#, .........#
≈≈ ,
.≈≈≈≈##t######.###..#
, , .≈≈≈≈
#.@...........#
,*,,≈≈≈≈*
####.#...##<[.# ≈≈ ,
, ≈≈≈≈* #.#######).#
≈ ≈≈≈ ≈*##..........#
### ≈ ≈ ≈≈ ≈
*#...#......[# #.. ,
≈ ≈ ≈ ≈≈
#...#.......###.. ≈ ≈
#...#............ ≈ ≈
≈* #......###.......
≈ * ###.............#


You could see a snapping turtle.

Vanquished Creatures
  Pikel (D:8)
  Joseph (D:7)
  A snapping turtle (D:8)
  A hippogriff (D:4)
  Menkaure (D:6)
  The ghost of Hanyuu the Insei, an average OpTm (D:3)
  2 orc warriors (D:8)
  2 black bears (D:7)
  2 ice beasts
  3 slaves (D:8)
  A necrophage (D:8)
  A centaur (D:5)
  5 ogres
  A phantom (D:7)
  3 giant frogs
  A wyvern skeleton (D:8)
  2 scorpions
  2 crimson imps
  A giant frog zombie (D:4)
  A centaur zombie (D:7)
  A hound (D:6)
  2 jellies
  2 orc priests
  Ijyb (D:2)
  An iguana (D:5)
  4 worker ants
  4 orc wizards
  2 hound zombies
  A worker ant zombie (D:6)
  2 gnolls (D:6)
  14 adders
  3 river rats (D:6)
  2 worms
  4 giant geckos
  22 orcs
  3 ball pythons
  11 bats
  A bat zombie (D:6)
  3 giant cockroaches
  15 goblins
  12 hobgoblins
  7 jackals
  17 kobolds
  2 giant gecko skeletons
  6 giant newts
  A jackal skeleton (D:6)
  6 quokkas
  12 rats
194 creatures vanquished.

Vanquished Creatures (others)
  A plant (D:8)
1 creature vanquished.

Grand Total: 195 creatures vanquished

Notes
Turn   | Place    | Note
--------------------------------------------------------------
     0 | D:1      | HeyJoe the Deep Dwarf Berserker began the quest for the Orb.
     0 | D:1      | Reached XP level 1. HP: 20/20 MP: 1/1
    83 | D:1      | Reached XP level 2. HP: 21/27 MP: 2/2
    91 | D:1      | Reached skill level 4 in Axes
   416 | D:2      | Found a white marble altar of Elyvilon.
   486 | D:2      | Reached XP level 3. HP: 3/33 MP: 3/3
   525 | D:2      | Acquired Trog's second power
   597 | D:2      | Reached skill level 5 in Axes
   605 | D:2      | Noticed Ijyb
   618 | D:2      | Killed Ijyb
   618 | D:2      | Reached XP level 4. HP: 31/40 MP: 4/4
   741 | D:2      | Found a sparkling altar of Nemelex Xobeh.
   741 | D:2      | Found a shimmering altar of Xom.
   803 | D:2      | Reached skill level 6 in Axes
  1215 | D:3      | Noticed Hanyuu's ghost (average OpTm)
  1223 | D:3      | Reached XP level 5. HP: 46/46 MP: 5/5
  1227 | D:3      | Killed Hanyuu's ghost
  1227 | D:3      | Reached skill level 7 in Axes
  1243 | D:3      | Found a shattered altar of Ashenzari.
  1669 | D:3      | Reached XP level 6. HP: 16/55 MP: 6/6
  1806 | D:4      | Reached skill level 8 in Axes
  1820 | D:4      | Found Lotonuc's Book Boutique.
  1849 | D:4      | Noticed a hippogriff
  1856 | D:4      | Killed a hippogriff
  1874 | D:4      | Reached skill level 9 in Axes
  1874 | D:4      | Reached XP level 7. HP: 53/61 MP: 7/7
  2271 | D:4      | Reached skill level 10 in Axes
  2619 | D:5      | Entered Level 5 of the Dungeon
  2688 | D:5      | Reached XP level 8. HP: 10/68 MP: 8/8
  2736 | D:5      | Found a glowing golden altar of the Shining One.
  2738 | D:5      | Noticed an angel
  2753 | D:5      | Found a basalt altar of Yredelemnul.
  2755 | D:5      | Noticed a profane servitor
  2774 | D:5      | Found a bloodstained altar of Trog.
  2841 | D:5      | Reached skill level 11 in Axes
  3523 | D:6      | Found a basalt altar of Yredelemnul.
  3554 | D:6      | Noticed Menkaure
  3576 | D:6      | Killed Menkaure
  3701 | D:6      | Found a staircase to the Ecumenical Temple.
  3710 | Temple   | Entered the Ecumenical Temple
  3853 | D:6      | Found a bloodstained altar of Trog.
  4079 | D:6      | Reached skill level 12 in Axes
  4906 | D:7      | Noticed Joseph
  4923 | D:7      | Found an ancient bone altar of Kikubaaqudgha.
  4928 | D:7      | Killed Joseph
  4928 | D:7      | Reached skill level 13 in Axes
  4928 | D:7      | Gained mutation: You passively map the area around you. [Deep Dwarf growth]
  4928 | D:7      | Reached XP level 9. HP: 29/74 MP: 9/9
  5731 | D:8      | Reached skill level 14 in Axes
  5773 | D:8      | Found a staircase to the Lair.
  5856 | D:8      | Noticed Pikel
  5898 | D:8      | Killed Pikel
  5978 | D:8      | Found a radiant altar of Vehumet.
  6265 | D:8      | Reached skill level 15 in Axes
  6321 | D:8      | Mangled by a snapping turtle

Vault maps used:
D:1:      zelgadis_glass_arrival_small
D:2:      elyvilon_altar_4, gammafunk_temple_overflow_elements, uniq_iyjb
D:3:      evilmike_ruin_ashenzari, first_bread
D:4:      serial_shops, shop
D:5:      grunt_temple_overflow_holy_war, trog_three_pillars_becter
D:6:      wad_woods_stonehenge, bloody_trog, uniq_menkaure
D:7:      lemuel_round_altar, kennysheep_small_spiral, grunt_ogre_cave,
          uniq_joseph
D:8:      wad_bat_island, vehumet_statue, lair_0_dummy, basic_altar, uniq_pikel
Temple:   jpeg_temple_clearing_9

Action                   |  1- 3 |  4- 6 |  7- 9 || total
-------------------------+-------+-------+-------++-------
Melee: Hand axe          |   104 |    54 |       ||   158
       War axe           |       |   104 |   489 ||   593
Invok: Trog's Hand       |     1 |     5 |    16 ||    22
       Berserk           |       |     3 |     7 ||    10
Evoke: Wand              |     1 |       |     5 ||     6
  Use: Scroll            |       |     6 |     8 ||    14
 Stab: Distracted        |     1 |       |       ||     1
       Sleeping          |     1 |       |       ||     1
       Confused          |       |       |     1 ||     1
  Eat: Chunk             |       |     6 |    25 ||    31
